 Dungeon Crawl Stone Soup version 0.31-a0-521-gc7390f8997 (webtiles) character file.

Game seed: 15294517444163179206

13948 Ofeo the Warrior (level 12, 0/105 (113) HPs)
             Began as a Formicid Hunter on Aug 10, 2023.
             Was a High Priest of Zin.
             Slain by a soul eater (16 damage)
             ... summoned by an orange crystal statue
             ... in a Gauntlet.
             The game lasted 00:32:57 (15546 turns).

Ofeo the Warrior (Formicid Hunter)                 Turns: 15546, Time: 00:32:57

HP:   0/105 (113)   AC: 11    Str: 18      XL:     12   Next: 39%
MP:   19/19         EV: 13    Int:  6 (8)  God:    Zin [*****.]
Gold: 565           SH:  0    Dex: 21      Spells: 11/11 levels left

rFire   . . .        a - +0 orcbow (freeze)
rCold   . . .        (no shield)
rNeg    . . .        F - +3 leather armour {Will+}
rPois   .            (helmet unavailable)
rElec   .            v - +2 cloak {rCorr}
rCorr   +            (no gloves)
SInv    +            r - +1 pair of boots
Will    +++..        e - amulet of magic regeneration
Stlth   ++++         t - ring of willpower
HPRegen 0.37/turn    z - ring "Qeit" {Wiz Contam rCorr Stlth+}
MPRegen 0.56/turn

%: wizardry (x1)
@: mighty, drained
A: permanent stasis, dig shafts and tunnels, antennae 3, four strong arms
a: Dig, Renounce Religion, Recite, Vitalisation, Imprison, Sanctuary, Donate
Gold


You were in a Gauntlet.
You worshipped Zin.
Zin was extremely pleased with you.
You visited 2 branches of the dungeon, and saw 12 of its levels.
You also visited: Ossuary, Bailey and Gauntlet.

You collected 966 gold pieces.
You spent 323 gold pieces at shops.
You donated 78 gold pieces to Zin.

Inventory:

Hand Weapons
 a - a +0 orcbow of freezing (weapon)
 b - a +5 great sword
 l - a +0 arbalest
Missiles
 D - 14 curare-tipped darts
 G - 21 poisoned darts
 J - 22 boomerangs
 R - a throwing net
Armour
 i - the +0 toga "Victory" {*Victory Clar}
   (You found it on level 11 of the Dungeon)

   *Victory:  When the wearer kills a threatening monster, it has a chance to
   gain +1 AC, +1 Slay, and +1 Int, capping at +7.
   When the wearer uses a scroll or a potion with a hostile monster in sight,
   its bonuses reset to +0.
   Unequipping it also resets its bonuses to +0.
   Clar:      It protects you from confusion, rage, mesmerisation and fear.
 r - a +1 pair of boots (worn)
 s - a +0 tower shield
 u - a scarf of invisibility
 v - a +2 cloak of preservation (worn)
 C - +0 acid dragon scales
 F - a +3 leather armour of willpower (worn)
 Q - a +2 ring mail of poison resistance
 V - a +0 pair of boots of rampaging
Jewellery
 e - an amulet of magic regeneration (around neck)
 t - a ring of willpower (left hand)
 z - the ring "Qeit" (right hand) {Wiz Contam rCorr Stlth+}
   (You acquired it on level 4 of the Dungeon)

   [ring of wizardry]

   Wiz:       It improves your spell success rate.
   Contam:    It causes magical contamination when unequipped.
   rCorr:     It protects you from acid and corrosion.
   Stlth+:    It makes you more stealthy.
 B - an amulet of reflection
 O - the ring "Hurot" {Fire Fly}
   (You found it on level 8 of the Dungeon)

   [ring of fire]

   Fire:      It enhances your fire magic.
   rF+:       It protects you from fire.
   rC-:       It makes you vulnerable to cold.
   Fly:       It grants you flight.
 U - a +6 ring of intelligence
 W - the ring of Cevaukif {*Corrode rPois Will+ Int+3 Dex+9}
   (You found it in a Gauntlet)

   [ring of poison resistance]

   Int+3:     It affects your intelligence (+3).
   Dex+9:     It affects your dexterity (+9).
   rPois:     It protects you from poison Will+: It increases your willpower.
   *Corrode:  It may corrode you when you take damage.
Wands
 n - a wand of flame (48)
 H - a wand of charming (8)
 K - a wand of mindburst (8)
 S - a wand of digging (5) {@v1}
Scrolls
 c - 2 scrolls of noise
 g - 2 scrolls of fog
 m - 2 scrolls of revelation
 o - 2 scrolls of vulnerability
 y - a scroll of immolation
 E - 3 scrolls of butterflies
Potions
 d - 3 potions of might {@q4}
 f - 3 potions of haste {@q3}
 j - a potion of degeneration
 k - 3 potions of attraction
 p - 3 potions of ambrosia
 q - 4 potions of curing {@q1}
 w - 2 potions of lignification
 x - 6 potions of brilliance
 A - 3 potions of mutation {unknown}
 I - 2 potions of enlightenment {unknown}
 L - 2 potions of berserk rage {unknown}
 M - a potion of invisibility {unknown}
 P - a potion of magic
 T - a potion of cancellation {unknown}
Miscellaneous
 N - a phial of floods


   Skills:
 + Level 16.6 Fighting
 + Level 12.7 Ranged Weapons
 - Level 2.8 Dodging
 - Level 3.3 Stealth
 + Level 9.9 Invocations


You had 11 spell levels left.
You didn't know any spells.
Your spell library contained the following spells:

 Spells                   Type           Power      Damage    Failure   Level
 Freeze                   Ice            0%         1d3       24%         1
 Magic Dart               Conj           0%         1d3       24%         1
 Searing Ray              Conj           0%         2d4       32%         2
 Wereblood                Tmut           0%         N/A       32%         2
 Frozen Ramparts          Ice            0%         1d1       54%         3
 Hailstorm                Conj/Ice       0%         3d3       54%         3
 Fulminant Prism          Conj/Hex       0%         3d5       90%         4
 Passage of Golubria      Tloc           0%         N/A       90%         4
 Summon Ice Beast         Ice/Summ       0%         N/A       90%         4
 Irradiate                Conj/Tmut      0%         3d11      99%         5
 Silence                  Hex/Air        0%         N/A       99%         5
 Simulacrum               Ice/Necr       0%         N/A       100%        6
 Lehudib's Crystal Spear  Conj/Erth      0%         10d2      100%        8


Dungeon Overview and Level Annotations

Branches:
Dungeon (11/15)            Temple (1/1) D:5            Lair (0/5) D:10
    Orc (0/2) D:9         Ossuary (visited)          Bailey (visited)
Gauntlet (1/1)

Altars:
Ashenzari
Cheibriados
Dithmenos
Elyvilon
Fedhas
Gozag
Hepliaklqana
Kikubaaqudgha
Makhleb
Nemelex Xobeh
Okawaru
Qazlal
Ru
Sif Muna
Trog
Uskayaw
Vehumet
Wu Jian
Xom
Yredelemnul
Zin
The Shining One

Shops:
D:4 *   D:8 !   D:9 [

Annotations:
D:6 exclusion: ogre Gauntlet 7 transporters, exclusion: orange crystal statue


Innate Abilities, Weirdness & Mutations

You cannot be hasted, slowed, berserked, paralysed or teleported.
You can dig through walls and to a lower floor.
You have a pair of large antennae on your head. (SInv)
Your four strong arms can wield two-handed weapons with a shield.


Message History

You feel drained.
* * * LOW HITPOINT WARNING * * *
You take 7 damage, and have 22/105 hp.
Fire: a) +0 orcbow (freeze)
Press: ? - help, Q - select action, (/) - cycle Shift-Dir - straight line, f/p - soul eater
Aim: a soul eater (heavily wounded, summoned, 71% to hit)
You shoot an arrow. The arrow barely misses the soul eater.
The soul eater closely misses you.
Fire: a) +0 orcbow (freeze)
Press: ? - help, Q - select action, (/) - cycle Shift-Dir - straight line, f/p - soul eater
Aim: a soul eater (heavily wounded, summoned, 71% to hit)
You shoot an arrow.
The arrow completely misses the soul eater.
The soul eater hits you!
* * * LOW HITPOINT WARNING * * *
You take 16 damage, and have 6/105 hp.
You feel much better. The soul eater hits you!
* * * LOW HITPOINT WARNING * * *
You regained 18 hp, and now have 24/105 hp.
Aiming: Mindburst
Press: ? - help, Shift-Dir - straight line, f/p - soul eater
Aim: a soul eater (heavily wounded, summoned, chance to affect: 0%)
Okay, then.
Fire: a) +0 orcbow (freeze)
Press: ? - help, Q - select action, (/) - cycle Shift-Dir - straight line, f/p - soul eater
Aim: a soul eater (heavily wounded, summoned, 71% to hit)
You shoot an arrow.
The arrow hits the soul eater but does no damage.
The soul eater is heavily wounded.
The soul eater draws from the surrounding life force!
* * * LOW HITPOINT WARNING * * *
The soul eater is healed.
You take 8 damage, and have 16/105 hp.
Fire: a) +0 orcbow (freeze)
Press: ? - help, Q - select action, (/) - cycle Shift-Dir - straight line, f/p - soul eater
Aim: a soul eater (moderately wounded, summoned, 71% to hit)
You shoot an arrow.
The arrow closely misses the soul eater.
The soul eater hits you!
You die...

#. ##≈.#[#.#.#.#####..#..#.
##.8. ##.#©#.©#.##©.©#©.#©#..
.....##..#bb#.##.#.8.#.#..#..
#.8.#...#hh##bb##...#.#...##
#...#.∩.###bb##t#.8.#..##...
.##.©.#...#########...########
......#.8.....#.....8.#.......
#.©.#...#########...########
#...#.∩.#.3@....#.8.#W.#.##.
#.8.#...#.###'#.#...###..#.#
.....##..#.#≈..#.#.8.##.##..#
##.8 ##.#©#≈©.#.#©.©#©.#W##.
#. ##≈.#?#≈..#.#######.W#.#
#≈≈.#.###'#.#...##{##..#
##≈.#8......#.8.#):#.##.
##.#########...########
#≈.....................


You could see a soul eater (summoned), a fire crab, 2 hell hounds and 6 fire
bats.

Vanquished Creatures
  3 two-headed ogres
  Pikel (D:4)
  A manticore (D:8)
  A cyclops (D:7)
  A worldbinder (Gauntlet)
  Joseph (D:9)
  A kobold demonologist (D:11)
  Prince Ribbit (D:5)
  A troll (D:10)
  5 slime creatures (D:9)
  A ynoxinul (Gauntlet)
  A water elemental (D:11)
  Sigmund (D:6)
  3 wyverns (D:10)
  13 yaks
  Edmund (D:6)
  2 acid dragons
  6 water moccasins
  2 ice beasts
  2 black bears
  8 orc warriors
  3 sky beasts
  2 centaurs
  A boggart (Gauntlet)
  A lemure (D:5)
  2 phantoms
  6 kobold brigands
  3 bullfrogs
  3 elf zombies (Ossuary)
  4 scorpions
  10 wights
  4 killer bees (D:10)
  2 howler monkeys
  An electric eel (D:11)
  3 human zombies (Ossuary)
  3 iron imps (Gauntlet)
  A hound (D:7)
  2 jellies
  2 gnoll boudas
  7 orc priests
  A sleepcap (D:6)
  3 iguanas
  Ijyb (D:5)
  8 orc wizards
  3 mummies
  9 gnolls
  An adder (D:6)
  4 white imps
  2 adder zombies (Ossuary)
  2 worms
  4 dart slugs
  27 orcs
  9 ball pythons
  5 bats
  10 endoplasms
  7 hobgoblins
  3 jackals
  3 quokkas
  16 goblins
  2 goblin zombies (Ossuary)
  12 hobgoblin zombies (Ossuary)
  17 kobolds
  8 kobold zombies (Ossuary)
  5 orc zombies (Ossuary)
  3 rats
  A rat zombie (Ossuary)
282 creatures vanquished.

Vanquished Creatures (collateral kills)
  2 orc warriors (Bailey)
2 creatures vanquished.

Vanquished Creatures (others)
  An orc warrior (Bailey)
1 creature vanquished.

Grand Total: 285 creatures vanquished

Notes
Turn   | Place    | Note
-------+----------+-------------------------------------------
     0 | D:1      | Ofeo the Formicid Hunter began the quest for the Orb.
     0 | D:1      | Reached XP level 1. HP: 16/16 MP: 1/1
   115 | D:1      | Reached XP level 2. HP: 23/23 MP: 2/2
   180 | D:1      | Found a faded altar of an unknown god.
   323 | D:1      | Reached XP level 3. HP: 28/28 MP: 3/3
  1490 | D:2      | Found a bloodstained altar of Trog.
  1661 | D:3      | Found a white marble altar of Elyvilon.
  1692 | D:3      | Reached XP level 4. HP: 34/34 MP: 4/4
  1860 | D:3      | Reached skill level 3 in Fighting
  2043 | D:3      | Reached XP level 5. HP: 41/41 MP: 5/5
  2102 | D:3      | Found a burning altar of Makhleb.
  2102 | D:3      | Noticed a balrug
  2106 | D:3      | Noticed a neqoxec
  2106 | D:3      | Noticed a smoke demon
  2482 | D:3      | Found a hide-covered altar of Uskayaw.
  2632 | D:4      | Found Diugiop's Assorted Antiques.
  2635 | D:4      | Bought a blackened steel ring for 130 gold pieces
  2658 | D:4      | Identified 3 scrolls of acquirement
  2658 | D:4      | Acquired a manual of Fighting
  2880 | D:4      | Found a glowing silver altar of Zin.
  2964 | D:4      | Acquired a +2 cloak of preservation
  2971 | D:4      | Acquired the ring "Qeit" {Wiz Contam rCorr Stlth+}
  2995 | D:4      | Reached skill level 4 in Fighting
  2995 | D:4      | Reached XP level 6. HP: 48/48 MP: 6/6
  3081 | D:4      | Noticed a black bear
  3090 | D:4      | Killed a black bear
  3091 | D:4      | Reached skill level 5 in Fighting
  3091 | D:4      | Reached skill level 5 in Ranged Weapons
  3266 | D:4      | Found a shimmering altar of Xom.
  3267 | D:4      | Found a hazy altar of Hepliaklqana.
  3268 | D:4      | Noticed a spectral ugly thing
  3638 | D:4      | Bought a fuming golden potion for 23 gold pieces
  3638 | D:4      | Bought a scroll labelled EWIUSH XARR for 26 gold pieces
  3673 | D:5      | Entered Level 5 of the Dungeon
  3673 | D:5      | Noticed Prince Ribbit
  3681 | D:5      | Killed Prince Ribbit
  3682 | D:5      | Reached skill level 6 in Fighting
  3682 | D:5      | Reached XP level 7. HP: 46/59 MP: 7/7
  3704 | D:5      | Reached skill level 7 in Fighting
  3778 | D:5      | Found a sand-covered staircase.
  3787 | Ossuary  | Entered an ossuary
  3985 | Ossuary  | Reached skill level 8 in Fighting
  3985 | Ossuary  | Reached XP level 8. HP: 68/68 MP: 8/8
  4082 | Ossuary  | Reached skill level 9 in Fighting
  4339 | D:5      | Reached skill level 10 in Fighting
  4463 | D:5      | Found a staircase to the Ecumenical Temple.
  4504 | Temple   | Entered the Ecumenical Temple
  4538 | D:4      | Became a worshipper of Zin the Law-Giver
  4652 | D:6      | Noticed Pikel
  4733 | D:5      | Noticed Ijyb
  4760 | D:5      | Killed Ijyb
  5003 | D:4      | Killed Pikel
  5004 | D:4      | Reached skill level 11 in Fighting
  5004 | D:4      | Reached XP level 9. HP: 26/82 MP: 9/9
  5525 | D:6      | Reached skill level 12 in Fighting
  5784 | D:6      | Noticed Edmund
  5787 | D:6      | Killed Edmund
  6057 | D:6      | Noticed Sigmund
  6074 | D:6      | Killed Sigmund
  6307 | D:6      | Reached skill level 13 in Fighting
  6499 | D:6      | Reached * piety under Zin
  7037 | D:7      | Reached skill level 1 in Invocations
  7037 | D:7      | Reached XP level 10. HP: 68/92 MP: 10/10
  7085 | D:7      | Found a flagged portal.
  7114 | Bailey   | Entered a bailey
  7499 | Bailey   | Noticed an orc knight
  7508 | Bailey   | Reached skill level 10 in Ranged Weapons
  7515 | Bailey   | Reached skill level 14 in Fighting
  7519 | Bailey   | Found a burning altar of Makhleb.
  7529 | Bailey   | Identified the +6 chain mail "Osi Vuq" {*Slow +Blink rF+++
                  | Int-4}
  7862 | D:7      | Found a sparkling altar of Nemelex Xobeh.
  8040 | D:7      | Found a snail-covered altar of Cheibriados.
  8101 | D:7      | Noticed a cyclops
  8272 | D:7      | Killed a cyclops
  8509 | D:7      | Reached ** piety under Zin
  8965 | D:8      | Noticed a two-headed ogre
  9386 | D:8      | Reached skill level 5 in Invocations
  9656 | D:8      | Noticed a two-headed ogre
  9678 | D:8      | Killed a two-headed ogre
  9679 | D:8      | Reached skill level 15 in Fighting
  9684 | D:8      | Noticed a manticore
  9694 | D:8      | Killed a manticore
  9695 | D:8      | Reached XP level 11. HP: 50/102 MP: 15/15
  9865 | D:8      | Reached *** piety under Zin
  9912 | D:8      | Identified the ring "Hurot" {Fire Fly}
 10671 | D:8      | Found Naur's Distillery.
 10677 | D:8      | Bought a potion of magic for 96 gold pieces
 10677 | D:8      | Bought a potion of might for 48 gold pieces
 11286 | D:9      | Noticed Joseph
 11300 | D:9      | Killed Joseph
 11468 | D:9      | Found a staircase to the Orcish Mines.
 11472 | D:9      | Found Godoxedu's Armour Shop.
 11517 | D:9      | Reached **** piety under Zin
 11889 | D:9      | Found an ornate altar of the Wu Jian Council.
 12269 | D:9      | Reached skill level 16 in Fighting
 12613 | D:10     | Entered Level 10 of the Dungeon
 12910 | D:10     | Reached ***** piety under Zin
 13346 | D:10     | Noticed a two-headed ogre
 13351 | D:10     | Killed a two-headed ogre
 13352 | D:10     | Reached XP level 12. HP: 111/111 MP: 18/18
 13564 | D:10     | Identified the +6 spear "Meotepem" {heavy, rPois rN++ Will+
                  | Dex-4}
 13732 | D:10     | Found a staircase to the Lair.
 13992 | D:11     | Noticed a two-headed ogre
 13996 | D:11     | Killed a two-headed ogre
 14071 | D:11     | Found the +0 toga "Victory" {*Victory Clar}
 14182 | D:11     | Found a gate leading to a gauntlet.
 14233 | Gauntlet | Entered a Gauntlet
 14233 | Gauntlet | Found a transporter.
 14233 | Gauntlet | Found a transporter.
 14298 | Gauntlet | Found a transporter.
 14316 | Gauntlet | Found a transporter.
 14320 | Gauntlet | Found a transporter.
 14320 | Gauntlet | Found a transporter.
 14347 | Gauntlet | Found a transporter.
 14350 | Gauntlet | Found a transporter.
 14354 | Gauntlet | Found a runed translucent door.
 14354 | Gauntlet | Found a runed translucent door.
 14358 | Gauntlet | Found a transporter.
 14373 | Gauntlet | Noticed a fire crab
 14375 | Gauntlet | Found a transporter.
 14389 | Gauntlet | Found a transporter.
 14393 | Gauntlet | Found a transporter.
 15515 | Gauntlet | Identified the ring of Cevaukif {*Corrode rPois Will+ Int+3
                  | Dex+9}
 15519 | Gauntlet | Noticed a soul eater
 15546 | Gauntlet | Slain by a soul eater

Illustrated notes

Levels and vault maps discovered:
D:1:      lightli_arrival_statue_moat, layout_loops_ring,
          dreamdust_ecumenical_altar_angels_and_demons
D:2:      layout_loops_ring, basic_altar, st_stairs_14
D:3:      layout_loops_ring, mainiacjoe_overflow_chevrons, elyvilon_altar_4,
          makhleb_altar_promises_db
D:4:      layout_loops_ring, regret_index_temple_of_mockery,
          amcnicky_altar_gilded, serial_shops, nicolae_shop_behind_doors
D:5:      layout_rooms, minmay_temple_entry_hall, gup_ossuary_entry_pyramid,
          uniq_prince_ribbit1, uniq_ijyb
D:6:      layout_loops_corners, nicolae_concentric_dashed_squares_mild,
          uniq_pikel, uniq_edmund, uniq_sigmund
D:7:      layout_gridville, nemelex_spade_bored_becter,
          mainiacjoe_overflow_brackets, enter_bailey_5, serial_park_tiny_2,
          minmay_small_thing
D:8:      minmay_distorted_concentric_squares, layout_cave_pods, serial_shops,
          shop
D:9:      layout_basic, kennysheep_mini_moat, orc_david_3, uniq_joseph
D:10:     layout_stronghold, minmay_lair_entry_grove
D:11:     layout_loops_cross, gauntlet_entry_generic, nrook_loot_triangle,
          nrook_pool_corridor, roderic_lattice_a, serial_bayou_lake_a
Temple:   oiseaux_autumnal_temple
Gauntlet: minmay_gauntlet_77_indecision [minmay_gauntlet_arena_77_braids,
          minmay_gauntlet_arena_77_two_lines, minmay_gauntlet_arena_77_squiggly,
          minmay_gauntlet_arena_77_tiled_triplets,
          minmay_gauntlet_arena_77_mess, minmay_gauntlet_arena_77_shame_cube,
          gauntlet_exit_hidden_loot]

Skill      XL: |  1  2  3  4  5  6  7  8  9 10 11 12 |
---------------+-------------------------------------+-----
Dodging        | 2 |  2.8
Stealth        | 2 3 |  3.3
Fighting       | 3 4 6 8 11 13 15 16 | 16.6
Ranged Weapons | 6 8 9 11 12 | 12.7
Invocations    | 1 6 8 9 |  9.9

Action                     |  1- 3 |  4- 6 |  7- 9 | 10-12 || total
---------------------------+-------+-------+-------+-------++-------
  Melee: Flail             |       |       |    59 |    79 ||   138
         Punch             |       |       |     1 |     1 ||     2
   Fire: Shortbow          |   106 |   124 |   199 |       ||   429
         Sling             |       |       |   174 |   100 ||   274
         Orcbow            |       |       |       |   501 ||   501
 Invoke: Recite            |       |       |       |     3 ||     3
         Vitalisation      |       |       |       |     1 ||     1
Ability: Dig               |     1 |     1 |       |       ||     2
  Evoke: Wand              |       |       |     9 |     7 ||    16
         Phial of floods   |       |       |       |     1 ||     1
    Use: Scroll            |     1 |    10 |     3 |     5 ||    19
         Potion            |       |     1 |     5 |     5 ||    11
   Stab: Sleeping          |       |       |     3 |     1 ||     4
 Armour: Leather armour    |    12 |       |    35 |   160 ||   207
         Ring mail         |       |    25 |    93 |       ||   118
  Dodge: Dodged            |    20 |    40 |   171 |   309 ||   540

Table legend: (Time is in decaauts)
 A = Elapsed time spent in this place.
 B = Non-inter-level travel time spent in this place.
 C = Inter-level travel time spent in this place.
 D = Time resting spent in this place.
 E = Time spent auto-exploring this place.
 F = Levels seen in this place.
 G = Mean time per level.
                   A        B        C        D        E       F      G
               +--------+--------+--------+--------+--------+-----+--------+
         Total |  15678 |  15129 |    549 |   2528 |   8835 |  15 | 1045.2 |
       Dungeon |  13491 |  12943 |    548 |   1695 |   8580 |  11 | 1226.5 |
        Temple |      1 |      0 |      1 |      0 |      0 |   1 |    1.0 |
       Ossuary |    431 |    431 |      0 |      0 |    101 |   1 |  431.0 |
        Bailey |    453 |    453 |      0 |    219 |      0 |   1 |  453.0 |
      Gauntlet |   1300 |   1300 |      0 |    614 |    154 |   1 | 1300.0 |
               +--------+--------+--------+--------+--------+-----+--------+

Top non-repeatable levels by time:
     D:7: 2089 daAuts
     D:8: 1792 daAuts
     D:9: 1556 daAuts
     D:6: 1427 daAuts
    D:10: 1369 daAuts
     D:4: 1305 daAuts
Gauntlet: 1300 daAuts
     D:3: 960 daAuts
     D:5: 952 daAuts
     D:2: 945 daAuts
     D:1: 850 daAuts
  Bailey: 453 daAuts
 Ossuary: 431 daAuts
    D:11: 240 daAuts
  Temple: 1 daAuts
